cohdb
Replays
Latest Replays
All Replays
Popular Replays
Top Player Replays
Match Explorer
How It Works
Community
CoH3 Stats
Reddit
Sign in to upload your games and track your stats! →
Sign in with Steam
Match 44661825
Unlisted
Match 44661825
Overview
Messages
Build Orders
End
Construct Infanterie Kompanie
Selects Mechanized Battlegroup
MG 42 Machine Gun Team
Grenadier Squad
Grenadier Squad
Selects Mobile Repair Stations
Construct Luftwaffe Kompanie
221 Scout Car
Medical Bunker
Jäger Squad
Jäger Squad
Selects Raid Package
Selects StuG Assault Group
StuG Assault Group
221 Scout Car
Jäger Squad
Construct Panzer Kompanie
Selects UNKNOWN (2160084)
Selects Wespe Self-propelled Artillery
Panther Heavy Tank
Pioneer Squad
Jäger Squad
Blackoutt78
{SIN7}Pattyrickroll
Albert Jones 方老头
admiral_gnar
nomadicnome
Maximus
0
0
Comments
sign in to comment!
No comments posted yet!